 Dungeon Crawl Stone Soup version 0.20-a0-1058-g0491fde (webtiles) character file.

17705 tself55 the Thaumaturge (level 12, -7/94 HPs)
             Began as a Mummy Summoner on Apr 26, 2017.
             Was a High Priest of Sif Muna.
             Killed from afar by a lindwurm (34 damage)
             ... with a blast of flame
             ... summoned by Kirke
             ... on level 4 of the Lair of Beasts.
             The game lasted 00:57:44 (17817 turns).

tself55 the Thaumaturge (Mummy Summoner)           Turns: 17817, Time: 00:57:44

Health: -7/94      AC: 10    Str: 16    XL:     12   Next: 21%
Magic:  18/26      EV: 15    Int: 22    God:    Sif Muna [*****.]
Gold:   857        SH:  0    Dex: 16    Spells: 8/32 levels left

rFire    x . .     SeeInvis .   a - +2 short sword (venom)
rCold    + . .     Gourm    .   (no shield)
rNeg     + + +     Faith    .   k - +0 robe
rPois    ∞         Spirit   .   E - +2 hat
rElec    .         Reflect  .   m - +2 cloak
rCorr    .         Harm     .   (no gloves)
MR       +....                  t - +2 pair of boots of Hairiness {Dex+4}
Stlth    ++........             e - amulet of magic regeneration
Regen    0.3/turn               L - +3 ring of intelligence
MPRegen  0.3/turn               u - +4 ring of strength

@: slowed, divine energy, very slow
A: no food or potions, fire vulnerability, cold resistance 1, negative energy
resistance 3, torment resistance, unbreathing
a: Stop Divine Energy, Channel Magic, Forget Spell, Renounce Religion


You were on level 4 of the Lair of Beasts.
You worshipped Sif Muna.
Sif Muna was extremely pleased with you.
You were not hungry.

You visited 3 branches of the dungeon, and saw 15 of its levels.

You collected 857 gold pieces.

Inventory:

Hand Weapons
 a - a +2 short sword of venom (weapon)
 n - a +2 mace of draining
 w - a +0 blowgun
 x - a +0 short sword
 y - a +2 whip of pain
Missiles
 h - 5 curare-tipped needles
 v - 3 throwing nets (quivered)
Armour
 k - a +0 robe (worn)
 m - a +2 cloak (worn)
 t - the +2 pair of boots of Hairiness (worn) {Dex+4}
   (You acquired it on level 8 of the Dungeon)

   It affects your dexterity (+4).
 E - a +2 hat (worn)
 I - the +9 shield of Life {*Corrode rF+ Str+2 SInv, unknown}
   (You acquired it on level 3 of the Lair of Beasts)

   It affects your strength (+2).
   It protects you from fire.
   It lets you see invisible.
   It may corrode you when you take damage.
 N - a +0 buckler
Magical Staves
 b - an uncursed staff of summoning
 G - an uncursed staff of cold
Jewellery
 e - an amulet of magic regeneration (around neck)
 l - an uncursed ring of fire
 u - a +4 ring of strength (right hand)
 B - the ring "Koych" {rCorr +Fly rF- Str+2 Int+2 Dex+5}
   (You found it on level 2 of the Lair of Beasts)

   [ring of resist corrosion]

   It affects your strength (+2).
   It affects your intelligence (+2).
   It affects your dexterity (+5).
   It makes you vulnerable to fire.
   It lets you fly.
 H - an uncursed amulet of faith {unknown}
 L - a +3 ring of intelligence (left hand)
Wands
 f - a wand of confusion (27/48)
 g - a wand of flame (21/48)
 p - a wand of lightning (6/15)
 s - a wand of flame (16/48)
 z - a wand of acid (2/15)
 M - a wand of polymorph (10/24)
Scrolls
 c - 4 scrolls of remove curse
 d - 2 scrolls of enchant weapon
 i - 2 scrolls of magic mapping
 j - 5 scrolls of teleportation
 o - a scroll of blinking
 r - 4 scrolls of amnesia
 A - 2 scrolls of brand weapon
 D - a scroll of fog
 J - a scroll of fear
Books
 q - a book of Callings

   Spells                             Type                      Level
   a - Summon Small Mammal            Summoning                    1
   b - Call Imp                       Summoning                    2
   c - Call Canine Familiar           Summoning                    3
   d - Summon Guardian Golem          Hexes/Summoning              3
   e - Summon Lightning Spire         Summoning/Air                4
   f - Summon Ice Beast               Ice/Summoning                4
 C - Sif Muna's Volume of Calling and Talismans
   (Sif Muna gifted it to you on level 1 of the Lair of Beasts)

   Spells                             Type                      Level
   a - Excruciating Wounds            Charms/Necromancy            5
   b - Summon Demon                   Summoning                    5
   c - Summon Forest                  Summoning/Translocation      5
   d - Shadow Creatures               Summoning                    6
   e - Ring of Flames                 Charms/Fire                  7
   f - Dragon's Call                  Summoning                    9
Miscellaneous
 F - a phantom mirror
 K - a fan of gales


   Skills:
 + Level 8.8 Fighting
 - Level 5.0 Dodging
 - Level 1.5 Stealth
 * Level 1.0 Shields
 + Level 10.9 Spellcasting
 * Level 10.5 Summonings
 - Level 3.4 Translocations
 - Level 4.2 Ice Magic
 - Level 4.2 Air Magic
 + Level 1.3 Invocations


You had 8 spell levels left.
You knew the following spells:

 Your Spells              Type           Power        Failure   Level  Hunger
a - Summon Ice Beast      Ice/Summ       #####...     2%          4    N/A
b - Call Imp              Summ           ######..     1%          2    N/A
c - Call Canine Familiar  Summ           ######..     1%          3    N/A
d - Summon Lightning Spi  Summ/Air       #####...     2%          4    N/A
e - Summon Forest         Summ/Tloc      #####.....   9%          5    N/A
f - Shadow Creatures      Summ           N/A          11%         6    N/A

Dungeon Overview and Level Annotations

Branches:
Dungeon (10/15)            Temple (1/1) D:4            Lair (4/6) D:10
  Snake (0/4) Lair:2          Orc (0/2) D:9
  Swamp: Lair:2-4    Shoals: Lair:2-4

Altars:
Cheibriados
Elyvilon
Gozag
Hepliaklqana
Kikubaaqudgha
Makhleb
Nemelex Xobeh
Okawaru
Qazlal
Sif Muna
Uskayaw
Xom
Yredelemnul
Zin
The Shining One

Shops:
D:4 (

Annotations:
Lair:4 Kirke


Innate Abilities, Weirdness & Mutations

You do not eat or drink.
Your flesh is vulnerable to fire.
You are immune to poison.
Your flesh is cold resistant. (rC+)
You are immune to negative energy. (rN+++)
You are immune to unholy pain and torment.
You can survive without breathing.


Message History

Confirm with . or Enter, or press ? or * to list all spells.
You miscast Summon Ice Beast.
Sif Muna protects you from the effects of your miscast!
Your ice beast barely misses Kirke.
Unknown command.
Unknown command.
Your ice beast hits Kirke.
Your ice beast freezes Kirke.
The hog barely misses your ice beast.
Your ice beast barely misses Kirke.
The hog bites you but does no damage.
Your ice beast closely misses Kirke.
The lindwurm breathes flames at you. The blast of flame hits you!
The fire burns you terribly!
Ouch! That really hurt!
The hog bites you!
* * * LOW HITPOINT WARNING * * *
The hog barely misses your ice beast.
Your ice beast hits Kirke.
Your ice beast freezes Kirke!
The lindwurm breathes flames at you. The blast of flame hits you!
The fire burns you terribly!
You die...

#. ##..... #......##)...
#..#...... .#......'....
##..##..##. .........##..
##PP.#......
..........##.###PP.........
................k...........
♣...........................
............>.Y............ ♣♣
♣♣###.#......@h.@Y.h..........
.###..###.......##...P#.#...##..P
...............####...###....####
.#.......#...<.###.P.####...#.##.
.#......##....###.P....#.....#...
.........#.....##.....##....##...
.##.....#......##......##...P#P..
.#......#.....###..#.####...P#...
.##.....#.....# ####### #...##..P


You could see Kirke, a lindwurm, 2 hogs and 2 friendly ice beasts.

Vanquished Creatures
  Nessos (Lair:4)
  Grinder (D:4)
  2 blink frogs
  Eustachio (D:5)
  3 yaks
  4 soldier ants
  A porcupine (Lair:3)
  2 slaves (D:6)
  A necrophage (D:10)
  3 centaurs (D:7)
  2 crocodiles
  A big kobold (D:8)
  6 bullfrogs
  2 killer bees (D:7)
  A howler monkey (D:5)
  A crimson imp (D:7)
  3 bullfrog zombies
  A centaur zombie (D:7)
  3 hounds
  A centaur skeleton (D:5)
  A bullfrog skeleton (D:4)
  2 orc wizards
  13 worker ants
  An iguana (D:4)
  A hound skeleton (D:6)
  2 gnolls
  A shadow imp (D:6)
  2 adder skeletons
  3 leopard geckos
  18 orcs
  A ball python (D:6)
  2 giant cockroaches
  9 goblins
  8 hobgoblins
  4 jackals
  8 kobolds
  3 quokkas
  3 frilled lizards
  A jackal skeleton (D:6)
  A leopard gecko zombie (D:6)
  A quokka zombie (D:6)
  4 rats
129 creatures vanquished.

Vanquished Creatures (collateral kills)
  Gastronok (Lair:2)
  The ghost of MajorBinkx the Carver, a journeyman NaMo of Gozag (Lair:1)
  Harold (Lair:2)
  2 hydras
  A catoblepas (Lair:2)
  3 two-headed ogres
  A queen ant (Lair:2)
  Pikel (D:6)
  2 black mambas
  An elephant (D:10)
  Joseph (D:8)
  10 spiny frogs
  7 komodo dragons
  3 rime drakes
  10 blink frogs
  3 hippogriffs
  18 yaks
  2 hogs (Lair:4)
  A basilisk (D:10)
  2 hungry ghosts (D:9)
  2 nagas (Lair:2)
  3 soldier ants (Lair:2)
  Duvessa (D:5)
  3 water moccasins
  5 porcupines
  2 orc warriors (D:9)
  3 ice beasts
  A sky beast (D:10)
  2 slaves (D:6)
  A necrophage (D:8)
  2 phantoms (D:7)
  5 ogres
  3 centaurs
  9 crocodiles
  A big kobold (D:8)
  4 bullfrogs
  A gnoll sergeant (D:10)
  Dowan (D:5)
  3 killer bees (D:7)
  2 howler monkeys
  2 electric eels (D:6)
  6 crimson imps
  A centaur zombie (D:6)
  4 orc priests
  2 hounds
  Crazy Yiuf (D:3)
  2 centaur skeletons
  A gnoll shaman (D:6)
  A jelly (D:9)
  10 orc wizards
  A bullfrog skeleton (D:9)
  Jessica (D:2)
  3 iguanas
  13 worker ants
  A worker ant zombie (D:6)
  10 adders
  10 gnolls
  2 adder skeletons
  4 worms
  4 dart slugs
  2 leopard geckos
  26 orcs
  6 bats
  2 giant cockroaches
  2 goblins (D:1)
  6 hobgoblins
  A jackal (D:2)
  8 kobolds
  3 quokkas
  A ball python (D:3)
  2 frilled lizards
  A leopard gecko zombie (D:5)
  A quokka zombie (D:9)
  3 rats
  2 plants
270 creatures vanquished.

Vanquished Creatures (others)
  A yak (Lair:3)
  A wyvern zombie (D:8)
2 creatures vanquished.

Grand Total: 401 creatures vanquished

Notes
Turn   | Place    | Note
-------+----------+-------------------------------------------
     0 | D:1      | tself55 the Mummy Summoner began the quest for the Orb.
     0 | D:1      | Reached XP level 1. HP: 13/13 MP: 4/4
   464 | D:1      | Reached XP level 2. HP: 16/19 MP: 4/6
   499 | D:1      | Learned a level 2 spell: Call Imp
  1058 | D:2      | Noticed Jessica
  1063 | D:2      | Killed Jessica
  1063 | D:2      | Reached XP level 3. HP: 16/24 MP: 0/8
  1136 | D:2      | Learned a level 3 spell: Call Canine Familiar
  1754 | D:2      | Reached XP level 4. HP: 28/30 MP: 5/9
  1764 | D:2      | Learned a level 4 spell: Summon Lightning Spire
  2165 | D:3      | Found a basalt altar of Yredelemnul.
  2166 | D:3      | Found a shimmering altar of Xom.
  2177 | D:3      | Found a stormy altar of Qazlal.
  2179 | D:3      | Found a sparkling altar of Nemelex Xobeh.
  2402 | D:3      | Found a runed door.
  2810 | D:3      | Reached skill level 1 in Air Magic
  2846 | D:3      | Reached XP level 5. HP: 28/35 MP: 3/11
  2888 | D:3      | Found a burning altar of Makhleb.
  2985 | D:3      | Noticed Crazy Yiuf
  2991 | D:3      | Killed Crazy Yiuf
  3098 | D:4      | Noticed an ice beast
  3109 | D:4      | Killed an ice beast
  3216 | D:4      | Noticed Grinder
  3241 | D:4      | Killed Grinder
  3241 | D:4      | Reached skill level 5 in Summonings
  3241 | D:4      | Reached XP level 6. HP: 29/41 MP: 0/13
  3541 | D:4      | Found a staircase to the Ecumenical Temple.
  3567 | Temple   | Entered the Ecumenical Temple
  3577 | Temple   | Became a worshipper of Sif Muna the Loreminder
  3713 | D:4      | Reached skill level 5 in Spellcasting
  4091 | D:4      | Reached XP level 7. HP: 42/46 MP: 14/14
  4393 | D:4      | Found Ziusi's Antique Weapon Boutique.
  4518 | D:5      | Entered Level 5 of the Dungeon
  4574 | D:5      | Noticed Duvessa
  4579 | D:5      | Noticed Dowan
  4601 | D:5      | Killed Duvessa
  4608 | D:5      | Killed Dowan
  4668 | D:5      | Learned a level 4 spell: Summon Ice Beast
  4676 | D:5      | Found an opulent altar of Gozag.
  4875 | D:5      | Reached * piety under Sif Muna
  4973 | D:5      | Noticed Eustachio
  4986 | D:5      | Killed Eustachio
  4986 | D:5      | Reached skill level 1 in Ice Magic
  5057 | D:6      | Noticed Pikel
  5583 | D:6      | Reached XP level 8. HP: 49/52 MP: 13/16
  6012 | D:6      | Killed Pikel
  6046 | D:6      | Reached ** piety under Sif Muna
  6493 | D:7      | Found a snail-covered altar of Cheibriados.
  7025 | D:7      | Found a hide-covered altar of Uskayaw.
  7330 | D:7      | Reached XP level 9. HP: 31/57 MP: 15/19
  7537 | D:7      | Reached *** piety under Sif Muna
  7732 | D:8      | Noticed a two-headed ogre
  7807 | D:8      | Noticed a two-headed ogre
  7841 | D:8      | Killed a two-headed ogre
  8292 | D:8      | Found a glowing golden altar of the Shining One.
  8293 | D:8      | Noticed Joseph
  8937 | D:8      | Killed Joseph
  9415 | D:8      | Identified a scroll of acquirement
  9429 | D:8      | Killed a two-headed ogre
  9470 | D:8      | Got a pair of transparent boots
  9481 | D:8      | Identified the +2 pair of boots of Hairiness {Dex+4} (You acquired it on level 8 of the Dungeon)
  9500 | D:9      | Reached **** piety under Sif Muna
  9650 | D:9      | Reached XP level 10. HP: 52/73 MP: 8/22
  9787 | D:9      | Found a staircase to the Orcish Mines.
 10618 | D:10     | Entered Level 10 of the Dungeon
 10852 | D:10     | Noticed a two-headed ogre
 11055 | D:10     | Noticed an elephant
 11067 | D:10     | Reached skill level 5 in Fighting
 11070 | D:10     | Killed an elephant
 11133 | D:10     | Found a staircase to the Lair.
 11382 | D:10     | Killed a two-headed ogre
 11615 | Lair:1   | Entered Level 1 of the Lair of Beasts
 11665 | Lair:1   | Noticed a spiny frog
 11665 | Lair:1   | Noticed a spiny frog
 11686 | Lair:1   | Noticed a black mamba
 11694 | Lair:1   | Killed a black mamba
 11982 | Lair:1   | Killed a spiny frog
 11999 | Lair:1   | Noticed a spiny frog
 12003 | Lair:1   | Killed a spiny frog
 12007 | Lair:1   | Killed a spiny frog
 12129 | Lair:1   | Noticed MajorBinkx's ghost (journeyman NaMo)
 12157 | Lair:1   | Noticed a spiny frog
 12166 | Lair:1   | Killed a spiny frog
 12261 | Lair:1   | Killed MajorBinkx's ghost
 12432 | Lair:1   | Reached XP level 11. HP: 83/83 MP: 19/24
 12617 | Lair:1   | Reached ***** piety under Sif Muna
 12617 | Lair:1   | Identified Sif Muna's Volume of Calling and Talismans (Sif Muna gifted it to you on level 1 of the Lair of Beasts)
 12617 | Lair:1   | Received a gift from Sif Muna
 13292 | Lair:1   | Learned a level 6 spell: Shadow Creatures
 13540 | Lair:1   | Learned a level 5 spell: Summon Forest
 13550 | Lair:2   | Noticed Gastronok
 13601 | Lair:1   | Noticed a seven-headed hydra
 13616 | Lair:1   | Killed a seven-headed hydra
 13616 | Lair:1   | Reached skill level 1 in Translocations
 13789 | Lair:2   | Noticed Harold
 13802 | Lair:2   | Killed Harold
 14140 | Lair:2   | Found a staircase to the Snake Pit.
 14148 | Lair:2   | Reached skill level 10 in Spellcasting
 14193 | Lair:2   | Got a steaming glass ring
 14244 | Lair:2   | Killed Gastronok
 14244 | Lair:2   | Reached skill level 10 in Summonings
 14472 | Lair:2   | Noticed a queen ant
 14514 | Lair:2   | Killed a queen ant
 14606 | Lair:2   | Noticed a catoblepas
 14669 | Lair:2   | Killed a catoblepas
 15351 | Lair:3   | Identified the ring "Koych" {rCorr +Fly rF- Str+2 Int+2 Dex+5} (You found it on level 2 of the Lair of Beasts)
 16169 | Lair:3   | Reached XP level 12. HP: 83/94 MP: 15/26
 16180 | Lair:3   | Reached skill level 5 in Dodging
 16443 | Lair:3   | Noticed a five-headed hydra
 16463 | Lair:3   | Killed a five-headed hydra
 16662 | Lair:3   | Got a jewelled shield
 16895 | Lair:4   | Noticed Nessos
 16918 | Lair:4   | Killed Nessos
 16918 | Lair:4   | Reached skill level 1 in Invocations
 17336 | Lair:4   | Noticed Kirke
 17452 | Lair:4   | Reached skill level 1 in Shields
 17817 | Lair:4   | Killed from afar by a lindwurm

Vault maps used:
D:1:      dpeg_arrival_tiny_c, minmay_misc_feat_four_crosses
D:2:      uniq_jessica
D:3:      minitemple, makhleb_blood_cavern_becter, uniq_crazy_yiuf_cottage
D:4:      corexii_shantytown, minmay_temple_entry_water_ring, serial_shops,
          shop, uniq_grinder
D:5:      first_bread, minmay_misc_feat_iff, minivault_19,
          nicolae_gozag_cash_rules_everything_around_me, uniq_eustachio,
          uniq_duvessa
D:6:      serial_undead, serial_undead_b, serial_undead_c, serial_undead_e,
          serial_undead_b, serial_undead_f, st_stairs_7, minivault_14,
          uniq_pikel
D:7:      slow_altar_1, overflow_temple_1_default
D:8:      nicolae_overflow_crystal_walls, blue_anna_alchemist, uniq_joseph
D:9:      hiddenorc1_lemuel
D:10:     david_lair_generic
Temple:   eino_wide_crystal_templ
Lair:1:   st_stairs_5, serial_bayou_lagoon_b
Lair:2:   guppyfry_snake_entry_garden, minivault_25, minmay_another_anthill,
          infiniplex_staircase_pool_2, grunt_megastairs_4, uniq_harold,
          uniq_gastronok
Lair:3:   cheibrodos_lair_river_kwai, lemuel_fruit_tree, grunt_megastairs_5
Lair:4:   minmay_swamp_entry_worms, serial_bayou_shore_a, uniq_kirke,
          uniq_nessos

Skill      XL: |  1  2  3  4  5  6  7  8  9 10 11 12 |
---------------+-------------------------------------+-----
Spellcasting   | 3 4 5 7 8 9 10 | 10.9
Summonings     | 4 5 6 7 8 9 10 | 10.5
Air Magic      | 1 2 3 4 |  4.2
Ice Magic      | 2 4 |  4.2
Fighting       | 4 6 8 |  8.8
Dodging        | 3 4 5 |  5.0
Translocations | 3 |  3.4
Invocations    | 1 |  1.3
Shields        | 1 |  1.0
Stealth        | |  1.5

Action                   |  1- 3 |  4- 6 |  7- 9 | 10-12 || total
-------------------------+-------+-------+-------+-------++-------
Melee: Unarmed           |    12 |       |       |       ||    12
       Short sword       |    32 |    35 |   263 |   184 ||   514
       Mace              |       |   107 |     8 |       ||   115
 Cast: Summon Small Mamm |    22 |       |       |       ||    22
       Call Imp          |    18 |    30 |    29 |     1 ||    78
       Call Canine Famil |     5 |    16 |    23 |     4 ||    48
       Summon Lightning  |       |       |    21 |    47 ||    68
       Summon Ice Beast  |       |       |    33 |   161 ||   194
       Summon Forest     |       |       |       |     5 ||     5
       Shadow Creatures  |       |       |       |     4 ||     4
Invok: Divine Energy     |       |       |     1 |       ||     1
Evoke: Wand              |       |       |       |     3 ||     3
  Use: Scroll            |       |     2 |    17 |     7 ||    26
 Stab: Sleeping          |       |     3 |     4 |     1 ||     8
       Distracted        |       |     1 |     1 |     4 ||     6
Armor: Robe              |    17 |    32 |   115 |    77 ||   241
Dodge: Dodged            |    54 |   114 |   218 |   194 ||   580
